Map: Dusty Gorge

Players

CakeFace

  • Race: Zerg Zerg
  • Spawn Location: 11:00

DjNotNice

  • Race: Terran Terran
  • Spawn Location: 9:00

Subwayeatn - Winner!

  • Race: Zerg Zerg
  • League: Diamond
  • Spawn Location: 3:00

fiddlermcgee - Winner!

  • Race: Terran Terran
  • Spawn Location: 5:00

VOD

Have the link to the VOD?

Description

Time

  • Played on: Nov. 16, 2023, 3:15 p.m.
  • Length: 8:39
Show
View Real Time Build Order
Export as new Build Order

CakeFace Zerg 

Build Orders: Pool First 

Get SALT Encoding   

  12  0:00  Drone  
  13  0:14  Drone  
  14  0:23  Overlord  
  14  0:33  Extractor  
  14  0:34  Drone  
  14  0:46  Spawning Pool  
  14  0:49  Drone  
  14  0:53  Drone  
  15  0:59  Drone  
  16  1:31  Hatchery  
  15  1:36  Zergling x2  
  15  1:39  Zergling x2  
  17  1:44  Zergling x2  
  18  1:52  Metabolic Boost  
  18  2:05  Queen  
  20  2:13  Spine Crawler  
  19  2:25  Drone x3  
  19  2:53  Zergling x2  
  19  2:54  Zergling x4  
  19  2:57  Queen  
  24  3:00  Zergling x4  
  26  3:08  Overlord  
  23  3:35  Zergling x2  
  23  3:36  Zergling x12  
  24  4:06  Zergling x8  
  24  4:07  Zergling x2  
Show
View Real Time Build Order
Export as new Build Order

DjNotNice Terran 

Build Orders: Command Center First 

Get SALT Encoding   

  12  0:02  SCV  
  13  0:38  Supply Depot  
  13  0:40  Refinery  
  13  0:42  Refinery  
  13  0:59  SCV  
  14  1:11  SCV  
  15  1:14  Supply Depot  
  15  1:38  SCV  
  16  1:41  Command Center  
  16  1:55  Engineering Bay  
  16  2:07  Barracks  
  16  2:12  SCV  
  17  2:39  SCV  
  18  3:00  Supply Depot  
  18  3:06  Marine  
  18  3:23  Marine  
  19  3:28  Factory  
  19  3:36  Orbital Command  
  19  3:41  Marine  
  19  3:48  Barracks  
  20  3:58  Planetary Fortress  
  20  3:59  Marine  
  21  4:17  Marine  
  21  4:28  Factory Tech Lab  
  19  4:35  Supply Depot, Marine  
  20  4:42  Marine  
  20  4:43  Supply Depot  
  21  4:46  SCV  
  21  4:47  Supply Depot  
  22  4:52  Marine  
  22  4:58  SCV x2  
  25  5:00  Marine  
  25  5:02  Starport  
  26  5:10  Marine, SCV x2  
  29  5:18  Marine  
  30  5:22  SCV, Siege Tank  
  34  5:34  SCV  
  30  5:45  Liberator  
  30  5:46  SCV  
  20  5:58  SCV  
  12  6:07  Refinery, Factory  
  12  6:08  Refinery  
  12  6:10  SCV  
  12  6:22  SCV  
  13  6:35  SCV  
  15  6:47  SCV  
  15  6:52  Factory Tech Lab  
  15  6:57  Barracks  
  15  6:59  SCV  
  16  7:14  Supply Depot  
  16  7:36  Supply Depot, Siege Tank, SCV  
  20  7:48  SCV  
  21  7:55  Marine x2  
  23  8:00  SCV  
Show
View Real Time Build Order
Export as new Build Order

Subwayeatn Zerg - Winner!

Build Orders: Hatch First, Zergling Baneling 

Get SALT Encoding   

  12  0:00  Drone  
  13  0:10  Drone  
  14  0:18  Overlord  
  14  0:36  Drone x2  
  16  0:56  Hatchery  
  15  0:57  Drone x2  
  15  1:01  Drone  
  18  1:06  Extractor  
  17  1:18  Spawning Pool  
  16  1:27  Drone x2  
  18  1:33  Drone  
  19  1:40  Drone  
  20  1:59  Drone  
  21  2:07  Overlord  
  21  2:08  Queen  
  21  2:10  Zergling x2  
  21  2:11  Metabolic Boost  
  21  2:13  Zergling x2  
  25  2:19  Zergling x2  
  26  2:24  Zergling x2  
  27  2:32  Zergling x2  
  28  2:38  Queen  
  28  2:43  Zergling x4  
  32  2:47  Zergling x2  
  30  2:57  Zergling x4  
  32  3:02  Drone, Baneling Nest  
  32  3:16  Queen  
  35  3:41  Drone  
  35  3:42  Overlord  
  35  3:43  Overlord  
  31  4:13  Zergling x2  
  31  4:14  Zergling x22  
  39  4:49  Baneling x5  
  39  4:50  Baneling  
  39  4:51  Baneling x9  
  39  4:52  Zergling x8  
  43  4:53  Zergling x4  
  43  4:58  Drone  
  46  5:05  Zergling x2  
  46  5:06  Zergling x4  
  49  5:23  Lair  
  38  6:09  Zergling x14  
  38  6:10  Zergling x14  
  52  6:36  Overlord  
  52  6:37  Overlord x3  
  52  6:55  Baneling  
  52  6:56  Baneling x9  
  51  7:09  Baneling  
  51  7:17  Extractor  
  51  7:18  Drone x12, Extractor  
  61  7:33  Baneling x3  
  61  7:36  Drone x2  
  63  7:45  Overlord  
  63  7:46  Zergling x2  
  63  7:47  Zergling x6  
  63  7:50  Baneling  
  63  7:51  Baneling x2  
  67  7:53  Baneling  
  67  7:56  Baneling  
  67  7:59  Baneling  
  67  8:06  Baneling x2  
  67  8:13  Zergling x2  
  67  8:14  Zergling x14  
Show
View Real Time Build Order
Export as new Build Order

fiddlermcgee Terran - Winner!

Build Orders:  

Get SALT Encoding   

  12  0:17  SCV  
  13  0:22  Supply Depot  
  13  0:31  SCV  
  14  0:44  SCV  
  15  0:50  Barracks  
  15  0:56  SCV  
  16  1:08  SCV  
  17  1:33  Refinery  
  17  1:34  SCV  
  17  1:38  Supply Depot  
  19  1:46  SCV  
  20  1:48  Marine  
  20  1:58  SCV  
  21  2:06  Marine  
  22  2:10  SCV  
  23  2:21  Supply Depot  
  23  2:44  Supply Depot  
  23  3:07  Supply Depot, Barracks Reactor  
  23  3:20  Orbital Command  
  21  3:39  Barracks  
  21  3:54  Marine x2  
  23  4:02  Supply Depot  
  23  4:07  Refinery  
  23  4:12  Marine x2  
  25  4:20  SCV  
  26  4:27  Supply Depot  
  26  4:30  Marine x2  
  28  4:32  Command Center  
  28  4:48  Barracks Tech Lab, Marine x2  
  28  4:52  Supply Depot  
  30  5:03  SCV  
  31  5:15  SCV  
  31  5:17  Supply Depot  
  32  5:28  SCV  
  33  5:40  SCV  
  34  5:52  SCV  
  35  6:33  Marine x3  
  38  6:51  Marine x3  
  41  7:09  Marine x3  
  44  7:26  Marine  
  44  7:27  Marine x2  
  47  7:44  Marine x3  
  50  7:58  SCV  
  51  8:02  Marine x3  
  51  8:03  Refinery  
  51  8:05  Refinery  
  54  8:07  SCV  
  54  8:10  SCV  
  56  8:19  SCV  
  57  8:20  Marine x3  
  57  8:22  SCV  
Tags
 
Add a new tag
Caveats
  • Supply blocks, unpowered buildings, or Contaminate may cause inaccurate times.
  • Supply counts are checked every 10 seconds.